 Dungeon Crawl Stone Soup version 0.28.0-47-ge53b351184 (webtiles) character file.

Game seed: 13593023882133892312

49 unlimited1921 the Magician (level 4, -4/32 HPs)
             Began as a Djinni Fire Elementalist on Apr 25, 2022.
             Slain by Terence
             ... wielding a +0 trident
              (8 damage)
             ... on level 2 of the Dungeon.
             The game lasted 00:04:51 (2741 turns).

unlimited1921 the Magician (DjFE)                   Turns: 2741, Time: 00:04:52

Health: -4/32      AC:  3    Str:  7    XL:     4   Next: 2%
Gold:   34         EV: 11    Int: 19    God:
                   SH:  0    Dex: 13

rFire   + + .      SeeInvis .   (no weapon)
rCold   x . .      Faith    .   (no shield)
rNeg    . . .      Spirit   .   b - +0 leather armour
rPois   ∞          Reflect  .   (no helmet)
rElec   .          Harm     .   (no cloak)
rCorr   .          Rampage  .   (no gloves)
Will    .....                   (boots unavailable)
Stlth   ++........              (no amulet)
HPRegen 0.10/turn               (no ring)
MPRegen 0.00/turn               (no ring)

@: flying
A: sickness immunity, fire resistance 2, cold vulnerability 1, float, innate
caster, HP casting, extra vitality 1
a: no special abilities


You were on level 2 of the Dungeon.
You visited 1 branch of the dungeon, and saw 2 of its levels.

You collected 34 gold pieces.

Inventory:

Hand Weapons
 e - a +0 hunting sling
 i - a +0 short sword
 m - a +3 dagger
Missiles
 c - 53 arrows
 f - 62 stones
 g - 5 poisoned darts (quivered)
Armour
 a - a +0 robe
 b - a +0 leather armour (worn)
Scrolls
 d - a scroll of brand weapon {unknown}
 j - a scroll of immolation {unknown}
 k - a scroll of identify {unknown}
 n - a scroll of holy word {unknown}
Potions
 h - 2 potions of heal wounds {unknown}
 l - 2 potions of flight {unknown}


   Skills:
 * Level 1.1 Fighting
 + Level 0.5 Armour
 + Level 2.4 Dodging
 + Level 1.7 Stealth
 + Level 3.1 Spellcasting


You couldn't memorise any spells.
You knew the following spells:

 Your Spells              Type           Power      Damage    Failure   Level
a - Foxfire               Conj/Fire      60%        2x1d7     6%          1
b - Scorch                Fire           30%        2d6       9%          2
c - Conjure Flame         Conj/Fire      15%        6-21      19%         3
d - Inner Flame           Hex/Fire       15%        N/A       19%         3
e - Flame Wave            Conj/Fire      15%        2d6       52%         4
f - Freeze                Ice            60%        1d8       6%          1
Your spell library was empty.

Dungeon Overview and Level Annotations

Branches:
Dungeon (2/15)

Altars:

Annotations:
D:2 Terence


Innate Abilities, Weirdness & Mutations

You are immune to sickness and miasma.
You are immune to poison.
Your flesh is very heat resistant. (rF++)
You are vulnerable to cold. (rC-)
You float through the air rather than walking.
You learn spells naturally, not from books.
Your magical power is your life essence.
You have superior vitality. (+4 MHP)


Message History

Terence is moderately wounded.
Terence barely misses you.
Your foxfire dissipates!
Your foxfire dissipates!
Casting: Foxfire (safe; 6% risk of failure)
Confirm with . or Enter, or press ? or * to list all spells.
You conjure some foxfire!
Terence hits you from afar with a +0 trident!
Your foxfire dissipates!
The foxfire hits Terence but does no damage.
Terence is moderately wounded.
Casting: Foxfire (safe; 6% risk of failure)
Confirm with . or Enter, or press ? or * to list all spells.
You conjure some foxfire!
Terence barely misses you.
Your foxfire dissipates!
The foxfire hits Terence but does no damage.
Terence is moderately wounded.
Casting: Foxfire (safe; 6% risk of failure)
Confirm with . or Enter, or press ? or * to list all spells.
You conjure some foxfire!
Terence hits you from afar with a +0 trident!
* * * LOW HITPOINT WARNING * * *
The foxfire hits Terence but does no damage.
Terence is lightly wounded.
The foxfire hits Terence but does no damage.
Terence is lightly wounded.
Casting: Foxfire (safe; 6% risk of failure)
Confirm with . or Enter, or press ? or * to list all spells.
You conjure some foxfire!
* * * LOW HITPOINT WARNING * * *
Terence hits you from afar with a +0 trident.
* * * LOW HITPOINT WARNING * * *
Your foxfire dissipates!
The foxfire hits Terence but does no damage.
Terence is lightly wounded.
Terence says, "Did you write a will?
You should..."
Terence bares his teeth.
There is a stone staircase leading up here.
Terence hits you from afar with a +0 trident!
You die...

############## .............#
.###########.# .########
#.############
...>....####..@[@.......#
....................###.#
.######.###########.###.#######
.# #.# #............ .# #.#
#####.####### # .# # #.# #...#
# .#.. ..# #...# # .#.# ...
#...# # .#.# #.# ##.## #


You could see Terence.

Vanquished Creatures
  Jessica (D:2)
  A worm (D:2)
  A dart slug (D:2)
  4 ball pythons
  A bat (D:1)
  A giant cockroach (D:1)
  2 goblins
  2 hobgoblins
  4 frilled lizards
  A kobold (D:1)
  2 rats
20 creatures vanquished.

Vanquished Creatures (others)
  92 foxfires
92 creatures vanquished.

Grand Total: 112 creatures vanquished

Notes
Turn   | Place    | Note
-------+----------+-------------------------------------------
     0 | D:1      | unlimited1921 the Djinni Fire Elementalist began the quest
                  | for the Orb.
     0 | D:1      | Reached XP level 1. HP: 15/15 MP: 0/0
   419 | D:1      | Reached XP level 2. HP: 16/21 MP: 0/0
  2050 | D:2      | Reached XP level 3. HP: 23/26 MP: 0/0
  2050 | D:2      | Learned a level 1 spell: Freeze
  2341 | D:2      | Noticed Jessica
  2346 | D:2      | Killed Jessica
  2347 | D:2      | Reached skill level 1 in Fighting
  2347 | D:2      | Reached skill level 3 in Spellcasting
  2347 | D:2      | Reached XP level 4. HP: 28/32 MP: 0/0
  2704 | D:2      | Noticed Terence
  2741 | D:2      | Slain by Terence

Illustrated notes

Levels and vault maps discovered:
D:1:      heliophobic_arrival_dark_side_of_the_moon, layout_rooms,
          minmay_misc_feat_cross
D:2:      layout_loops_ring, uniq_terence, uniq_jessica

Skill      XL: |  1  2  3 |
---------------+----------+-----
Fighting       | 1 |  1.1
Spellcasting   | 3 |  3.1
Armour         | |  0.5
Dodging        | |  2.4
Stealth        | |  1.7

Action                   |  1- 3 |  4- 6 || total
-------------------------+-------+-------++-------
 Cast: Foxfire           |    53 |    10 ||    63
Dodge: Dodged            |     5 |     3 ||     8
